 Dungeon Crawl Stone Soup version 0.19.0-11-g3fc08b3 (webtiles) character file.

206 Challo the Caller (level 5, 0/30 HPs)
             Began as a Deep Elf Summoner on Nov 9, 2016.
             Succumbed to Terence's poison
             ... on level 2 of the Dungeon on Nov 10, 2016.
             The game lasted 00:20:55 (2638 turns).

Challo the Caller (Deep Elf Summoner)               Turns: 2638, Time: 00:20:56

Health: 0/30       AC:  2    Str:  3    XL:     5   Next: 53%
Magic:  12/14      EV: 14    Int: 19    God:
Gold:   147        SH:  0    Dex: 15    Spells: 2 memorised, 11 levels left

rFire  + . .     SeeInvis .     l - +2 dagger (flame)
rCold  + . .     Gourm    .     a - +0 robe
rNeg   . . .     Faith    .     (no shield)
rPois  +         Spirit   .     (no helmet)
rElec  +         Reflect  .     (no cloak)
rCorr  +         Harm     .     (no gloves)
MR     .....                    (no boots)
Stlth  +++.......               (no amulet)
                                (no ring)
                                (no ring)

@: lethally poisoned (0 -> -3), resistant
A: dopey 1, robust 1, weak 1
a: no special abilities


You were on level 2 of the Dungeon.
You were not hungry.

You visited 1 branch of the dungeon, and saw 2 of its levels.

You collected 147 gold pieces.

Inventory:

Hand Weapons
 l - a +2 dagger of flaming (weapon)
 u - a +0 scythe
 y - a +1 mace of venom
Missiles
 e - 16 arrows
 n - a throwing net (quivered)
 p - 30 poisoned needles
 s - 13 bolts
 t - 7 javelins
Armour
 a - a +0 robe (worn)
 i - a cursed +0 pair of gloves
 w - a +0 helmet
 A - a +3 scale mail of fire resistance
Jewellery
 m - an uncursed ring of fire
Scrolls
 d - a scroll of recharging {unknown}
 h - 2 scrolls of teleportation {unknown}
 j - a scroll of random uselessness {unknown}
 o - a scroll of magic mapping {unknown}
 q - a scroll of enchant armour {unknown}
 r - a scroll of remove curse {unknown}
 v - a scroll of enchant weapon {unknown}
Potions
 g - a potion of flight
 z - a potion of resistance
Books
 b - a book of Callings

   Spells                             Type                      Level
   a - Summon Small Mammal            Summoning                    1
   b - Call Imp                       Summoning                    2
   c - Call Canine Familiar           Summoning                    3
   d - Summon Guardian Golem          Hexes/Summoning              3
   e - Summon Lightning Spire         Summoning/Air                4
   f - Summon Ice Beast               Ice/Summoning                4
Comestibles
 c - 3 bread rations
 f - a meat ration


   Skills:
 + Level 3.5 Dodging
 + Level 3.9 Stealth
 * Level 5.3 Spellcasting
 + Level 5.4 Summonings


You had 11 spell levels left.
You knew the following spells:

 Your Spells              Type           Power        Failure   Level  Hunger
a - Summon Small Mammal   Summ           ####         1%          1    None
b - Call Imp              Summ           ####....     1%          2    None


Dungeon Overview and Level Annotations

Branches:
Dungeon (2/15)

Altars:
Ru


Innate Abilities, Weirdness & Mutations

You are dopey. (Int -2)
You are robust. (+10% HP)
You are weak. (Str -2)


Message History

You feel sick.
The rat closely misses your crimson imp.
Items here: ! $ % ) ? [ You see here a bread ration.
* * * LOW HITPOINT WARNING * * *
You feel sick.
* * * LOW HITPOINT WARNING * * *
You feel sick. The rat barely misses your crimson imp.
* * * LOW HITPOINT WARNING * * *
You feel sick. The rat barely misses your crimson imp.
Your shadow imp hits the rat.
The rat dies!
* * * LOW HITPOINT WARNING * * *
You feel sick.
* * * LOW HITPOINT WARNING * * *
You feel sick.
You see here a club.
* * * LOW HITPOINT WARNING * * *
You feel sick.
You die...

##................#
#.#####
########..##.##..# #.#
#..#...#.## #.#
##.##.##.# #.#
##.#...#.# ##.##
#..#####.# ##...##
#...55...# ##.....###
###########.).##.###
#.........
...%......5..###@####
##.....###
##)##.#.####)# #....#
##%..##
......#.####.######.##
##.##
.....##.##.).........#
###
##.#.#.......)......##
#.#.........#####.##
#.####.#....# #.#
#.####.#....# #.#
..##...#....# #.#


You could see a friendly crimson imp.

Vanquished Creatures
  An adder (D:2)
  A leopard gecko (D:1)
2 creatures vanquished.

Vanquished Creatures (collateral kills)
  Sigmund (D:2)
  A jelly (D:2)
  Terence (D:2)
  Natasha (D:2)
  Robin (D:2)
  6 adders
  2 worms (D:2)
  2 dart slugs
  2 leopard geckos
  7 bats
  9 hobgoblins
  4 jackals (D:2)
  6 kobolds
  A quokka (D:2)
  A frilled lizard (D:2)
  11 goblins
  10 rats
66 creatures vanquished.

Grand Total: 68 creatures vanquished

Notes
Turn   | Place    | Note
-------+----------+-------------------------------------------
     0 | D:1      | Challo the Deep Elf Summoner began the quest for the Orb.
     0 | D:1      | Reached XP level 1. HP: 10/10 MP: 6/6
   461 | D:1      | Reached XP level 2. HP: 10/15 MP: 6/8
   468 | D:1      | Learned a level 2 spell: Call Imp
  1252 | D:2      | Noticed Sigmund
  1267 | D:2      | Killed Sigmund
  1267 | D:2      | Reached skill level 5 in Summonings
  1267 | D:2      | Reached XP level 3. HP: 19/19 MP: 3/11
  1267 | D:2      | Reached XP level 4. HP: 24/24 MP: 3/12
  1541 | D:2      | Noticed Robin
  1632 | D:2      | Killed Robin
  1840 | D:2      | Reached skill level 5 in Spellcasting
  1840 | D:2      | Reached XP level 5. HP: 23/28 MP: 6/14
  1908 | D:2      | Found a sacrificial altar of Ru.
  2022 | D:2      | Noticed Natasha
  2049 | D:2      | Killed Natasha
  2579 | D:2      | Noticed Terence
  2604 | D:2      | Killed Terence
  2608 | D:2      | Gained mutation: You are dopey. (Int -2) [potion of mutation]
  2608 | D:2      | Gained mutation: You are robust. (+10% HP) [potion of mutation]
  2608 | D:2      | Gained mutation: You are weak. (Str -2) [potion of mutation]
  2635 | D:2      | HP: 1/30 [poisoned by Terence]
  2638 | D:2      | Succumbed to Terence's poison

Skill      XL: |  1  2  3  4 |
---------------+-------------+-----
Dodging        | 3 |  3.5
Stealth        | 3 |  3.9
Spellcasting   | 4 5 |  5.3
Summonings     | 5 |  5.4

Action                   |  1- 3 |  4- 6 || total
-------------------------+-------+-------++-------
Melee: Unarmed           |     2 |     7 ||     9
       Dagger            |       |     6 ||     6
 Cast: Summon Small Mamm |    22 |     1 ||    23
       Call Imp          |    24 |    44 ||    68
  Use: Potion            |       |     7 ||     7
  Eat: Chunk             |     2 |     4 ||     6
Armor: Robe              |     2 |     6 ||     8
Dodge: Dodged            |     8 |    61 ||    69
